 Dungeon Crawl Stone Soup version 0.30-a0-371-gad7725a93e (webtiles) character file.

Game seed: 273063936653306821

11 FalseProphet the Slasher (level 2, 4/4 (20) HPs)
             Began as a Meteoran Reaver on Nov 22, 2022.
             Got out of the dungeon alive.
             The game lasted 00:01:26 (763 turns).

FalseProphet the Slasher (Meteoran Reaver)           Turns: 763, Time: 00:01:27

HP:   4/4 (20)      AC:  4    Str: 13    XL:     2   Next: 52%
MP:   6/6           EV: 12    Int: 14    God:
Gold: 82            SH:  0    Dex: 12    Spells: 5/6 levels left

rFire   . . .      SeeInvis .    a - +0 falchion
rCold   . . .      Faith    .    (no shield)
rNeg    . . .      Spirit   .    b - +1 leather armour
rPois   .          Reflect  .    (no helmet)
rElec   .          Harm     .    (no cloak)
rCorr   .          Rampage  .    (no gloves)
Will    .....                    (no boots)
Stlth   +.........               (no amulet)
HPRegen 0.20/turn                (no ring)
MPRegen 0.10/turn                (no ring)

@: glowing, extremely drained, bezotted
A: sense surroundings 1, otherworldly, glowing, explore regen
a: no special abilities


You escaped.
You visited 1 branch of the dungeon, and saw 1 of its levels.

You collected 82 gold pieces.

Inventory:

Hand Weapons
 a - a +0 falchion (weapon)
Armour
 b - a +1 leather armour (worn)
Scrolls
 j - 2 scrolls of teleportation
Potions
 c - a potion of brilliance {unknown}
 d - a potion of might {unknown}
 e - a potion of berserk rage {unknown}
 h - a potion of haste {unknown}


   Skills:
 + Level 2.5 Fighting
 + Level 3.9 Long Blades
 + Level 2.6 Dodging
 + Level 2.8 Spellcasting
 + Level 3.7 Conjurations


You had 5 spell levels left.
You knew the following spells:

 Your Spells              Type           Power      Damage    Failure   Level
a - Kiss of Death         Conj/Necr      28%        2d7       13%         1

Your spell library contained the following spells:

 Spells                   Type           Power      Damage    Failure   Level
 Momentum Strike          Conj/Tloc      14%        3d8       21%         2
 Hailstorm                Conj/Ice       7%         3d4       36%         3
 Ensorcelled Hibernation  Hex/Ice        4%         N/A       38%         2
 Passwall                 Tmut/Erth      1%         N/A       38%         2
 Swiftness                Air            2%         N/A       63%         3
 Alistair's Intoxication  Tmut/Pois      1%         N/A       100%        5
 Borgnjor's Vile Clutch   Necr/Erth      1%         N/A       100%        5
 Eringya's Noxious Bog    Tmut/Pois      1%         N/A       100%        6


Dungeon Overview and Level Annotations

Branches:
Dungeon (1/15) Zot: 22

Altars:


Innate Abilities, Weirdness & Mutations

You passively map a small area around you.
You are easily found by Zot.
You glow in the dark.
You regain HP and MP as you explore.


Message History

Your +0 leather armour glows green for a moment.
As you read the scroll labelled QIJAYJ VISUTU, it crumbles to dust.
You hear a loud clanging noise!
It was a scroll of noise.
As you read the scroll labelled SYUFAA PULO, it crumbles to dust.
You feel strangely unstable.
It was a scroll of teleportation.
As you read the scroll labelled XUBBAO SUUN, it crumbles to dust.
You feel aware of your surroundings.
It was a scroll of magic mapping.
Your surroundings suddenly seem different.
You see here 4 stones.
You pick up Great Wizards, Vol.
II and begin reading...
You add the spells Alistair's Intoxication, Borgnjor's Vile Clutch and Eringya's Noxious Bog to your library.
Found 9 stones.
Zot draws nearer.
Dive deeper or flee this branch before you suffer!
You see here 9 stones.
Found a dagger.
You see here a +0 dagger.
Zot has nearly found you.
Suffering is imminent.
Descend or flee this branch!
Zot's power touches on you...
You pick up a book of Burglary and begin reading...
You add the spells Passwall, Ensorcelled Hibernation and Swiftness to your library.
Found a club.
Found a stone.
You see here a +0 club.
Found a stone staircase leading down.
There is a stone staircase leading down here.
Done exploring.
Done exploring.
Unknown command.
You see here a bat skeleton.
You have lingered too long.
Zot senses you.
Dive deeper or flee this branch before you suffer!
You see here a +0 short sword.
Zot draws nearer.
Dive deeper or flee this branch before you suffer!
There is an open door here.
You see here 3 stones.
You enter the shallow water.
Moving in this stuff is going to be slow.
There is a staircase leading out of the dungeon here.
Are you sure you want to leave the Dungeon?
This will make you lose the game!
You have escaped!

####################
#....#≈≈≈≈≈≈≈≈≈≈≈≈≈#
#.####≈≈≈≈~≈≈≈≈≈≈≈≈# #.#
#≈≈≈≈~~~~≈≈≈≈≈# #.#
#≈≈≈~~~~~~~≈≈≈#
#####.####≈≈≈~~...~~~~≈#
.........#≈≈~~..@..~~≈≈#
.####.####≈≈≈~~...~~~≈≈#
.# #.# #≈≈≈~~~~~~~~≈≈#
.# #.# #≈≈≈≈~~~~≈≈≈≈≈#
.# #.# #≈≈≈≈~~~~~≈≈≈≈#
.# #.####≈≈≈≈~~~≈~~≈≈≈#
.# #....#≈≈≈~~~~~~~≈≈≈#
.# ######≈≈≈~~≈~≈~~≈≈≈#
.# #≈≈≈~~≈~~≈~≈≈≈#


There were no monsters in sight!

Vanquished Creatures
  3 endoplasms (D:1)
  A goblin (D:1)
  A hobgoblin (D:1)
  2 bats (D:1)
  A kobold (D:1)
  3 rats (D:1)
11 creatures vanquished.

Notes
Turn   | Place    | Note
-------+----------+-------------------------------------------
     0 | D:1      | FalseProphet the Meteoran Reaver began the quest for the
                  | Orb.
     0 | D:1      | Reached XP level 1. HP: 17/17 MP: 5/5
   308 | D:1      | Reached XP level 2. HP: 22/22 MP: 4/6
   491 | D:1      | Glimpsed the power of Zot.
   541 | D:1      | Glimpsed the power of Zot.
   581 | D:1      | Glimpsed the power of Zot.
   591 | D:1      | Touched by the power of Zot.
   692 | D:1      | Glimpsed the power of Zot.
   742 | D:1      | Glimpsed the power of Zot.
   763 | D:$      | Got out of the dungeon alive.

Illustrated notes

Levels and vault maps discovered:
D:1:      zaba_arrival_water, layout_loops_ring, minmay_hexomino_f4

Action                   || total
-------------------------++-------
Melee: Falchion          ||    20
 Cast: Kiss of Death     ||     4
  Use: Scroll            ||     5
Armor: Leather armour    ||     8
Dodge: Dodged            ||     7

Table legend: (Time is in decaauts)
 A = Elapsed time spent in this place.
 B = Non-inter-level travel time spent in this place.
 C = Inter-level travel time spent in this place.
 D = Time resting spent in this place.
 E = Time spent auto-exploring this place.
 F = Levels seen in this place.
 G = Mean time per level.
                   A        B        C        D        E       F      G
               +--------+--------+--------+--------+--------+-----+--------+
         Total |    778 |    700 |     78 |      0 |    616 |   1 |  778.0 |
       Dungeon |    778 |    700 |     78 |      0 |    616 |   1 |  778.0 |
               +--------+--------+--------+--------+--------+-----+--------+

Top non-repeatable levels by time:
     D:1: 778 daAuts
